 Dungeon Crawl Stone Soup version 0.20.2-3-g29329e0561 (webtiles) character file.

111 Alfie the Shooter (level 4, 0/37 HPs)
             Began as a Minotaur Hunter on May 13, 2020.
             Slain by Alfie's ghost (3 damage)
             ... on level 3 of the Dungeon.
             The game lasted 00:04:48 (1267 turns).

Alfie the Shooter (Minotaur Hunter)                 Turns: 1267, Time: 00:04:51

Health: 0/37       AC:  4    Str: 14 (17) XL:     4   Next: 62%
Magic:  3/3        EV: 12    Int:  7 (8)  God:
Gold:   138        SH:  0    Dex:  9 (11) Spells: 3/3 levels left

rFire    . . .     SeeInvis .   a - +1 shortbow
rCold    . . .     Gourm    .   (shield currently unavailable)
rNeg     + . .     Faith    .   g - +1 leather armour {rN+}
rPois    .         Spirit   .   (helmet restricted)
rElec    .         Reflect  .   (no cloak)
rCorr    .         Harm     .   (no gloves)
MR       .....                  (no boots)
Stlth    +.........             (no amulet)
Regen    0.2/turn               (no ring)
MPRegen  0.1/turn               (no ring)

@: no status effects
A: retaliatory headbutt, horns 2
a: no special abilities


You were on level 3 of the Dungeon.
You were not hungry.

You visited 1 branch of the dungeon, and saw 3 of its levels.

You collected 138 gold pieces.

Inventory:

Hand Weapons
 a - a +1 shortbow (weapon)
 b - a +0 short sword
Missiles
 d - 8 arrows (quivered)
 k - 5 tomahawks
Armour
 g - a +1 leather armour of positive energy (worn)
Jewellery
 i - an uncursed ring of see invisible {unknown}
 o - an uncursed amulet of the gourmand {unknown}
Scrolls
 h - a scroll of remove curse
 l - 2 scrolls of identify
 m - a scroll of teleportation {unknown}
Potions
 e - a potion of haste {unknown}
 n - a potion of lignification {unknown}
Comestibles
 j - a meat ration


   Skills:
 + Level 2.9 Fighting
 + Level 6.2 Bows
 + Level 1.0 Armour
 + Level 2.1 Dodging
 + Level 1.1 Stealth


You had 3 spell levels left.
You didn't know any spells.

Dungeon Overview and Level Annotations

Branches:
Dungeon (3/15)

Altars:

Annotations:
D:3 Alfie's ghost, amateur MiHu


Innate Abilities, Weirdness & Mutations

You reflexively headbutt those who attack you in melee.
You have a pair of horns on your head.


Message History

You shoot an arrow. The arrow closely misses Alfie's ghost.
Alfie's ghost hits you.
* * * LOW HITPOINT WARNING * * *
Firing (i - inventory. (,) - cycle):
d - 9 arrows (quivered)
Press: ? - help, Shift-Dir - straight line, f/p - Alfie's ghost
Aim: Alfie's ghost (severely damaged)
You shoot an arrow. The arrow misses Alfie's ghost.
The bat closely misses you. Alfie's ghost hits you!
* * * LOW HITPOINT WARNING * * *
Firing (i - inventory. (,) - cycle):
d - 8 arrows (quivered)
Press: ? - help, Shift-Dir - straight line, f/p - Alfie's ghost
Aim: Alfie's ghost (severely damaged)
Okay, then.
It was a potion of degeneration.
There was something very wrong with that liquid.
You feel weakened.
You feel dopey.
You feel clumsy. The bat closely misses you. You furiously retaliate!
You headbutt the bat!
You kill the bat!
Alfie's ghost hits you.
You die...

#.
#..#.##
.#..(..(.
......>..
.......(#
#......(#
+(......#
#(($(....
#@W#
#(##.####
#<.......
#.##.....
#(. .J..
#### ...
.. .


You could see Alfie's ghost.

Vanquished Creatures
  Robin (D:2)
  3 adders
  An ooze (D:3)
  5 worms (D:2)
  A dart slug (D:3)
  A leopard gecko (D:2)
  2 giant cockroaches
  8 goblins
  4 hobgoblins
  4 jackals (D:1)
  5 kobolds
  2 quokkas (D:2)
  A ball python (D:1)
  6 bats
  A frilled lizard (D:1)
  4 rats
49 creatures vanquished.

Notes
Turn   | Place    | Note
-------+----------+-------------------------------------------
     0 | D:1      | Alfie the Minotaur Hunter began the quest for the Orb.
     0 | D:1      | Reached XP level 1. HP: 18/18 MP: 0/0
   237 | D:1      | Reached XP level 2. HP: 25/25 MP: 1/1
   271 | D:1      | Reached skill level 5 in Bows
   576 | D:2      | Reached skill level 1 in Stealth
   578 | D:2      | Reached XP level 3. HP: 14/30 MP: 2/2
   754 | D:2      | Noticed Robin
   761 | D:2      | Killed Robin
   813 | D:2      | Reached XP level 4. HP: 24/37 MP: 3/3
  1047 | D:2      | Reached skill level 6 in Bows
  1248 | D:3      | Reached skill level 1 in Armour
  1258 | D:3      | Noticed Alfie's ghost (amateur MiHu)
  1267 | D:3      | Slain by Alfie's ghost

Skill      XL: |  1  2  3  4 |
---------------+-------------+-----
Bows           | 5 6 |  6.2
Stealth        | 1 |  1.1
Armour         | 1 |  1.0
Fighting       | |  2.9
Dodging        | |  2.1

Action                   |  1- 3 |  4- 6 || total
-------------------------+-------+-------++-------
 Fire: Shortbow          |   118 |    58 ||   176
  Use: Scroll            |     5 |       ||     5
       Potion            |       |     1 ||     1
  Eat: Bread ration      |       |     1 ||     1
Armor: Leather armour    |     9 |    12 ||    21
Dodge: Dodged            |    23 |    22 ||    45
